 Dungeon Crawl Stone Soup version 0.26-a0-466-g989023bd0d (webtiles) character file.

Game seed: 16132751981385176549

2294 1player the Blocker (level 9, -4/75 HPs)
             Began as a Naga Fighter on Aug 12, 2020.
             Was an Initiate of Cheibriados.
             Slain by Harold
             ... wielding a +0 scimitar
              (15 damage)
             ... on level 7 of the Dungeon.
             The game lasted 00:30:15 (7257 turns).

1player the Blocker (Naga Fighter)                  Turns: 7257, Time: 00:30:16

Health: -4/75      AC: 16    Str: 21    XL:     9   Next: 40%
Magic:  9/10       EV:  7    Int: 10    God:    Cheibriados [......]
Gold:   382        SH:  0    Dex: 13    Spells: 8/8 levels left

rFire    . . .     SeeInvis +   f - +4 dagger (venom)
rCold    + . .     Faith    .   c - +1 kite shield
rNeg     . . .     Spirit   .   A - +1 chain mail {rC+}
rPois    +         Reflect  .   (no helmet)
rElec    .         Harm     .   (no cloak)
rCorr    .                      (no gloves)
MR       +....                  (no barding)
Stlth    ..........             (no amulet)
HPRegen  0.22/turn              v - +4 ring of protection
MPRegen  0.12/turn              y - +4 ring of protection

@: confused, marked, very slow
A: large, see invisible, deformed body, poison resistance, slowness 2, spit
poison 1, AC +3
a: Spit Poison, Bend Time, Renounce Religion


You were on level 7 of the Dungeon.
You worshipped Cheibriados.
Cheibriados was noncommittal.
You visited 2 branches of the dungeon, and saw 8 of its levels.

You collected 382 gold pieces.

Inventory:

Hand Weapons
 f - a +4 dagger of venom (weapon)
 m - a +0 short sword of speed
Armour
 c - a +1 kite shield (worn)
 A - a +1 chain mail of cold resistance (worn)
Jewellery
 v - a +4 ring of protection (left hand)
 y - a +4 ring of protection (right hand)
Scrolls
 i - 4 scrolls of enchant armour
 r - 3 scrolls of remove curse {@r2}
 w - 3 scrolls of identify {@r1}
 z - a scroll of immolation
 B - a scroll of amnesia {unknown}
Potions
 j - a potion of mutation {!q}


   Skills:
 - Level 3.0 Fighting
   Level 2.0 Long Blades
 - Level 2.4 Armour
 + Level 5.0 Dodging
 - Level 9.0 Shields
 + Level 2.6 Invocations


You had 8 spell levels left.
You didn't know any spells.
Your spell library was empty.

Dungeon Overview and Level Annotations

Branches:
Dungeon (7/15)             Temple (1/1) D:6

Altars:
Ashenzari
Cheibriados
Dithmenos
Elyvilon
Fedhas
Gozag
Hepliaklqana
Makhleb
Nemelex Xobeh
Okawaru
Qazlal
Ru
Sif Muna
Trog
Vehumet
Wu Jian
Xom
Yredelemnul
Zin

Shops:
D:5 (   D:7 :

Annotations:
D:7 Harold, Maggie


Innate Abilities, Weirdness & Mutations

You cannot wear boots.
Your serpentine skin is tough. (AC +3)
You have supernaturally acute eyesight. (SInv)
Armour fits poorly on your strangely shaped body.
Your system is resistant to poisons. (rPois)
You cover ground very slowly.
You can spit poison.


Message History

Aim: Maggie, wielding a +0 long sword and wearing +0 swamp dragon scales (heavily wounded)
The splash of poison hits Maggie but does no damage.
Maggie is heavily wounded.
You block Maggie's attack. Harold hits you with a +0 scimitar.
* * * LOW HITPOINT WARNING * * *
You hit Harold but do no damage.
Harold looks as sick as possible!
Harold is moderately wounded.
Maggie gestures at you while chanting. The bolt of fire misses you.
Okay, then.
You have got your breath back.
Harold casts a spell at you. A sentinel's mark forms upon you.
Maggie casts a spell.
Maggie attempts to bespell you! You resist with almost no effort.
Harold points at you and mumbles some strange words.
The mark upon you grows brighter. Maggie hits you but does no damage.
You are confused.
You feel invigorated. Harold hits you with a +0 scimitar!
You die...

.........##... ..## #..#
..........##.. ...## #..#
...........##.# #...# #..#
.......#.......# ##...##
.......##.......##.....##
.......# #).......†.....###
.[.....####.$..............
.......(##.....@.†...>.....
...............@@..........
...................###.....
..@@...............# ##...
...................# ..
###....##..........# .
###### ...........
...........# ...........#


You could see Harold (extremely poisoned) and Maggie.

Vanquished Creatures
  Grinder (D:5)
  Eustachio (D:6)
  A water moccasin (D:6)
  An ice beast (D:4)
  2 phantoms
  5 ogres
  A centaur (D:5)
  A bullfrog (D:7)
  A water moccasin zombie (D:7)
  2 scorpions
  3 killer bees (D:7)
  A bullfrog zombie (D:5)
  A jelly (D:6)
  An orc priest (D:5)
  A hound (D:4)
  A bullfrog skeleton (D:7)
  4 orc wizards
  2 iguanas
  3 worker ants
  A hound zombie (D:5)
  A hound skeleton (D:6)
  7 gnolls
  6 adders
  A shadow imp (D:7)
  2 white imps
  4 ufetubi
  2 adder skeletons
  3 worms
  5 dart slugs
  6 leopard geckos
  9 orcs
  6 giant cockroaches
  8 hobgoblins
  18 jackals
  3 quokkas
  8 bats
  8 frilled lizards
  A giant cockroach zombie (D:5)
  14 goblins
  10 kobolds
  2 rats
158 creatures vanquished.

Notes
Turn   | Place    | Note
-------+----------+-------------------------------------------
     0 | D:1      | 1player the Naga Fighter began the quest for the Orb.
     0 | D:1      | Reached XP level 1. HP: 21/21 MP: 1/1
   409 | D:1      | Reached XP level 2. HP: 22/28 MP: 2/2
   415 | D:1      | Reached skill level 3 in Shields
   949 | D:1      | Reached XP level 3. HP: 34/34 MP: 3/3
  1439 | D:1      | Reached skill level 4 in Shields
  1439 | D:1      | Reached XP level 4. HP: 14/42 MP: 4/4
  2248 | D:2      | Reached XP level 5. HP: 43/49 MP: 5/5
  2398 | D:2      | Found a blossoming altar of Fedhas.
  2400 | D:2      | Found an iron altar of Okawaru.
  2408 | D:2      | Found a glowing silver altar of Zin.
  2780 | D:3      | Reached skill level 5 in Shields
  3000 | D:3      | Reached XP level 6. HP: 51/56 MP: 6/6
  3247 | D:3      | Found a shimmering blue altar of Sif Muna.
  3585 | D:3      | Reached skill level 6 in Shields
  3926 | D:4      | Found a burning altar of Makhleb.
  4032 | D:4      | Reached XP level 7. HP: 33/62 MP: 7/7
  4272 | D:4      | Found a sparkling altar of Nemelex Xobeh.
  4504 | D:5      | Entered Level 5 of the Dungeon
  4576 | D:5      | Reached skill level 7 in Shields
  4667 | D:5      | Found Jetof's Antique Weapon Emporium.
  4768 | D:5      | Found a shattered altar of Ashenzari.
  4926 | D:5      | Reached XP level 8. HP: 61/69 MP: 8/8
  4948 | D:5      | Reached skill level 8 in Shields
  5202 | D:5      | Noticed Grinder
  5228 | D:5      | Killed Grinder
  5577 | D:5      | Reached skill level 9 in Shields
  5737 | D:6      | Reached skill level 1 in Dodging
  5771 | D:6      | Found a sparkling altar of Nemelex Xobeh.
  5951 | D:6      | Reached XP level 9. HP: 71/75 MP: 9/9
  5979 | D:6      | Found an opulent altar of Gozag.
  5986 | D:6      | Noticed Eustachio
  6006 | D:6      | Killed Eustachio
  6172 | D:6      | Found a bloodstained altar of Trog.
  6207 | D:6      | Found a sacrificial altar of Ru.
  6350 | D:6      | Found a staircase to the Ecumenical Temple.
  6357 | Temple   | Entered the Ecumenical Temple
  6578 | Temple   | Became a worshipper of Cheibriados the Contemplative
  6913 | D:7      | Reached skill level 1 in Invocations
  7151 | D:7      | Found Mugge's Book Shoppe.
  7215 | D:7      | Noticed Harold
  7215 | D:7      | Noticed Maggie
  7242 | D:7      | Reached skill level 5 in Dodging
  7257 | D:7      | Slain by Harold

Illustrated notes

Levels and vault maps discovered:
D:1:      roderic_crop_circles_arrival_small, layout_loops_cross
D:2:      layout_loops_ring, minitemple
D:3:      minmay_spotlight, layout_rooms, marbit_many_paths
D:4:      layout_cave_pools, makhleb_heckhound_becter,
          nemelex_xobeh_ov_fountains_minmay
D:5:      layout_gridville, kennysheep_mini_moat, serial_shops, shop,
          uniq_grinder
D:6:      layout_loops_ring, nicolae_ru_the_path_less_chosen, kennysheep_mini,
          overflow_temple_1_default, minmay_temple_entry_butterflies,
          nemelex_spade_bored_becter, uniq_eustachio
D:7:      layout_layer_cave, serial_shops, shop, nrook_loot_triangle,
          nicolae_qazlal_style_of_elements, uniq_harold, uniq_maggie
Temple:   compressed_dpeg_triangle_lava_temple

Skill      XL: |  1  2  3  4  5  6  7  8  9 |
---------------+----------------------------+-----
Shields        | 3 4 5 6 7 9 |  9.0
Dodging        | 3 5 |  5.0
Invocations    | 2 |  2.6
Fighting       | |  3.0
Long Blades    | |  2.0
Armour         | |  2.4

Action                   |  1- 3 |  4- 6 |  7- 9 || total
-------------------------+-------+-------+-------++-------
Melee: Dagger            |    89 |   229 |   312 ||   630
       Long sword        |     6 |       |       ||     6
Throw: Throwing net      |       |       |     1 ||     1
Invok: Bend Time         |       |       |     2 ||     2
 Abil: Spit Poison       |     7 |    18 |    41 ||    66
  Use: Scroll            |     3 |     8 |     6 ||    17
       Potion            |       |     2 |     8 ||    10
Armor: Scale mail        |    32 |    65 |   103 ||   200
       Skin              |       |       |     6 ||     6
       Chain mail        |       |       |    16 ||    16
Dodge: Dodged            |    19 |    41 |    66 ||   126
Block: Kite shield       |    43 |   133 |   184 ||   360

Table legend: (Time is in decaauts)
 A = Elapsed time spent in this place.
 B = Non-inter-level travel time spent in this place.
 C = Inter-level travel time spent in this place.
 D = Time resting spent in this place.
 E = Time spent auto-exploring this place.
 F = Levels seen in this place.
 G = Mean time per level.
                   A        B        C        D        E       F      G
               +--------+--------+--------+--------+--------+-----+--------+
         Total |   9117 |   8579 |    538 |   1761 |   3533 |   8 | 1139.6 |
       Dungeon |   8787 |   8269 |    518 |   1761 |   3229 |   7 | 1255.3 |
        Temple |    330 |    310 |     20 |      0 |    303 |   1 |  330.0 |
               +--------+--------+--------+--------+--------+-----+--------+

Top non-repeatable levels by time:
     D:1: 1924 daAuts
     D:3: 1383 daAuts
     D:2: 1363 daAuts
     D:6: 1234 daAuts
     D:5: 1091 daAuts
     D:4: 1085 daAuts
     D:7: 704 daAuts
  Temple: 330 daAuts
